 Dungeon Crawl Stone Soup version 0.28-a0-172-g787e458d71 (webtiles) character file.

Game seed: 4589214214883151042

715 rabbitsville the Stinger (level 7, 0/44 (46) HPs)
             Began as a Merfolk Venom Mage on Aug 16, 2021.
             Slain by a wight (10 damage)
             ... on level 6 of the Dungeon.
             The game lasted 00:39:41 (6578 turns).

rabbitsville the Stinger (Merfolk Venom Mage)       Turns: 6578, Time: 00:39:42

HP:   0/44 (46)     AC:  4    Str: 14    XL:     7   Next: 69%
MP:   12/12         EV: 13    Int: 16    God:
Gold: 177           SH:  0    Dex: 15    Spells: 6/13 levels left

rFire   . . .      SeeInvis .   k - +5 quarterstaff of Gozag's Supremacy {vorpal, Will+}
rCold   . . .      Faith    .   (shield currently unavailable)
rNeg    . . .      Spirit   .   a - +0 robe
rPois   +          Reflect  .   (no helmet)
rElec   .          Harm     .   f - +0 cloak
rCorr   .          Rampage  .   (no gloves)
Will    +....                   l - +0 pair of boots
Stlth   ++........              (no amulet)
HPRegen 0.14/turn               n - +6 ring of strength
MPRegen 0.13/turn               u - ring of poison resistance

@: lightly drained
A: (nimble swimmer 2), mertail
a: no special abilities


You were on level 6 of the Dungeon.
You visited 1 branch of the dungeon, and saw 6 of its levels.

You collected 267 gold pieces.
You spent 90 gold pieces at shops.

Inventory:

Hand Weapons
 k - the +5 quarterstaff of Gozag's Supremacy (weapon) {vorpal, Will+}
   (You found it on level 1 of the Dungeon)

   It inflicts extra damage upon your enemies.
   Will:      It increases your willpower.
Armour
 a - a +0 robe (worn)
 f - a +0 cloak (worn)
 l - a +0 pair of boots (worn)
Jewellery
 n - a +6 ring of strength (left hand)
 t - a ring of ice
 u - a ring of poison resistance (right hand)
Wands
 j - a wand of digging (5)
Scrolls
 e - 3 scrolls of magic mapping {unknown}
 g - a scroll of identify
 i - 3 scrolls of amnesia {unknown}
 m - 3 scrolls of teleportation {unknown}
 o - a scroll of brand weapon {unknown}
 p - a scroll of noise {unknown}
Potions
 b - a potion of mutation {unknown}
 c - a potion of flight {unknown}
 d - 3 potions of curing
 h - a potion of heal wounds
 q - 2 potions of attraction
 r - a potion of resistance {unknown}
 s - a potion of might {unknown}


   Skills:
 + Level 3.1 Staves
 - Level 3.1 Dodging
 - Level 2.1 Stealth
 + Level 3.9 Spellcasting
 - Level 1.6 Transmutations
 + Level 2.5 Air Magic
 * Level 6.2 Poison Magic


You had 6 spell levels left.
You knew the following spells:

 Your Spells              Type           Power      Damage    Failure   Level
a - Sting                 Tmut/Pois      60%        1d6       3%          1
b - Poisonous Vapours     Pois/Air       34%        N/A       4%          2
c - Olgreb's Toxic Radia  Pois           23%        N/A       13%         4

Your spell library contained the following spells:

 Spells                   Type           Power      Damage    Failure   Level
 Mephitic Cloud           Conj/Pois/Air  12%        N/A       16%         3
 Animate Skeleton         Necr           6%         N/A       17%         1
 Apportation              Tloc           6%         N/A       17%         1
 Corona                   Hex            3%         N/A       17%         1
 Sandblast                Erth           6%         2d5       17%         1
 Summon Small Mammal      Summ           12%        N/A       17%         1
 Passwall                 Tmut/Erth      4%         N/A       19%         2
 Swiftness                Air            11%        N/A       19%         3
 Slow                     Hex            3%         N/A       26%         2
 Confusing Touch          Hex            3%         N/A       45%         3
 Gell's Gravitas          Tloc           1%         N/A       45%         3
 Lesser Beckoning         Tloc           1%         N/A       45%         3
 Ozocubu's Armour         Ice            3%         N/A       45%         3
 Teleport Other           Tloc           3%         N/A       45%         3
 Tukima's Dance           Hex            3%         N/A       45%         3
 Animate Dead             Necr           1%         N/A       86%         4
 Passage of Golubria      Tloc           N/A        N/A       86%         4
 Yara's Violent Unravell  Hex/Tmut       2%         3d3       98%         5
 Borgnjor's Vile Clutch   Necr/Erth      1%         N/A       99%         5
 Lee's Rapid Deconstruct  Erth           1%         3d5*      99%         5
 Death Channel            Necr           1%         N/A       100%        6
 Invisibility             Hex            1%         N/A       100%        6
 Ozocubu's Refrigeration  Ice            1%         4d5       100%        7


Dungeon Overview and Level Annotations

Branches:
Dungeon (6/15)
 Temple: D:4-7

Altars:
Elyvilon
Fedhas
Zin

Shops:
D:4 (


Innate Abilities, Weirdness & Mutations

((You are quick and stealthy near water. (Stealth+, EV+, Speed+++)))
Your lower body shifts to a powerful aquatic tail in water.


Message History

You swing at nothing.
A wight comes into view. It is wielding a +4 scimitar.
Found a scroll of identify.
A wight comes into view. It is wielding a +2 scimitar.
Casting: Olgreb's Toxic Radiance (quite dangerous; 13% risk of failure)
Confirm with . or Enter, or press ? or * to list all spells.
You can't see any susceptible monsters within range! (Use Z to cast anyway.)
Casting: Olgreb's Toxic Radiance (quite dangerous; 13% risk of failure)
Confirm with . or Enter, or press ? or * to list all spells.
You can't see any susceptible monsters within range! (Use Z to cast anyway.)
Casting: Olgreb's Toxic Radiance (quite dangerous; 13% risk of failure)
Confirm with . or Enter, or press ? or * to list all spells.
You can't see any susceptible monsters within range! (Use Z to cast anyway.) Unknown command.
Casting: Olgreb's Toxic Radiance (quite dangerous; 13% risk of failure)
Confirm with . or Enter, or press ? or * to list all spells.
You can't see any susceptible monsters within range! (Use Z to cast anyway.)
Casting: Olgreb's Toxic Radiance (quite dangerous; 13% risk of failure)
Confirm with . or Enter, or press ? or * to list all spells.
You can't see any susceptible monsters within range! (Use Z to cast anyway.)
Casting: Olgreb's Toxic Radiance (quite dangerous; 13% risk of failure)
Confirm with . or Enter, or press ? or * to list all spells.
You can't see any susceptible monsters within range! (Use Z to cast anyway.)
Casting: Olgreb's Toxic Radiance (quite dangerous; 13% risk of failure)
Confirm with . or Enter, or press ? or * to list all spells.
You can't see any susceptible monsters within range! (Use Z to cast anyway.)
Casting: Olgreb's Toxic Radiance (quite dangerous; 13% risk of failure)
Confirm with . or Enter, or press ? or * to list all spells.
You can't see any susceptible monsters within range! (Use Z to cast anyway.)
Press: ? - help, v - describe, . - travel
Here: a wight, wielding a +2 scimitar and wearing a +0 robe The floor.
A wight is nearby!
You completely miss the wight. The wight hits you with a +2 scimitar!
You feel drained.
* * * LOW HITPOINT WARNING * * *
You sock the wight!
The wight is severely damaged.
The wight hits you with a +2 scimitar!
You die...

##### ############
#...#######.. ... .....
###..........# .......?
#.......##..# #.#.#.# #
#...........# #.......
##.......##..## ##.#.#.#z.
#.............###.........
#..#............@z........
#..##.#......#..####.###..
#........##.#...# #
#.###.##.##.#.#.# #.#
#.##.##...#... #.#
#.##.##.#####..
#)###.##.##.. ..
#.#...##.#### .#
#........#


You could see a wight.

Vanquished Creatures
  A black bear (D:6)
  An ogre (D:3)
  A water moccasin skeleton (D:4)
  A wight (D:6)
  A centaur zombie (D:6)
  A jelly (D:6)
  A gnoll shaman (D:5)
  3 iguanas
  A bullfrog skeleton (D:5)
  A hound zombie (D:5)
  A hound skeleton (D:5)
  8 gnolls
  6 adders
  2 ufetubi
  An adder skeleton (D:4)
  A worm (D:4)
  3 dart slugs
  2 orcs
  6 bats
  6 endoplasms
  A giant cockroach (D:1)
  7 goblins
  7 hobgoblins
  6 jackals
  5 quokkas
  9 ball pythons
  5 kobolds
  6 rats
94 creatures vanquished.

Notes
Turn   | Place    | Note
-------+----------+-------------------------------------------
     0 | D:1      | rabbitsville the Merfolk Venom Mage began the quest for the
                  | Orb.
     0 | D:1      | Reached XP level 1. HP: 13/13 MP: 3/3
   712 | D:1      | Reached XP level 2. HP: 9/19 MP: 1/5
   951 | D:1      | Found a faded altar of an unknown god.
   967 | D:1      | Identified the +5 quarterstaff of Gozag's Supremacy
                  | {vorpal, Will+}
  1462 | D:1      | Reached XP level 3. HP: 21/24 MP: 4/6
  1918 | D:2      | Learned a level 2 spell: Poisonous Vapours
  2962 | D:3      | Reached skill level 1 in Staves
  3280 | D:3      | Reached XP level 4. HP: 28/30 MP: 2/7
  3339 | D:3      | Noticed an ogre
  3491 | D:3      | Killed an ogre
  3492 | D:3      | Reached skill level 1 in Air Magic
  3492 | D:3      | Reached skill level 4 in Poison Magic
  3492 | D:3      | Reached XP level 5. HP: 35/35 MP: 0/9
  4608 | D:4      | Reached XP level 6. HP: 37/41 MP: 10/10
  4796 | D:4      | Reached skill level 5 in Poison Magic
  4811 | D:4      | Found Ylizu's Antique Weapon Shop.
  5019 | D:5      | Entered Level 5 of the Dungeon
  5058 | D:5      | Found a white marble altar of Elyvilon.
  5058 | D:5      | Found a blossoming altar of Fedhas.
  5301 | D:5      | Reached XP level 7. HP: 14/46 MP: 8/12
  5593 | D:4      | Learned a level 4 spell: Olgreb's Toxic Radiance
  6066 | D:5      | Identified the amulet "Vusuc" {Spirit Will+ Stlth+}
  6447 | D:6      | Reached skill level 6 in Poison Magic
  6474 | D:6      | Found Zin's Purification Station.
  6474 | D:6      | Found a glowing silver altar of Zin.
  6488 | D:6      | Bought a potion of curing for 90 gold pieces
  6578 | D:6      | Slain by a wight

Illustrated notes

Levels and vault maps discovered:
D:1:      psy_arrival_wood_between_worlds, layout_basic,
          hellmonk_ecumenical_altar_lost_god
D:2:      layout_basic, minmay_parallelograms, chequers_hall_statues_wall_a
D:3:      layout_basic, moated_statue, minivault_5, minmay_surrounded
D:4:      layout_cave_pools, serial_shops, nicolae_shop_behind_doors,
          serial_column_ruins, column_ruins_hut_pillars,
          column_ruins_open_large, column_ruins_columns_straight,
          column_ruins_columns_T, column_ruins_grid_4,
          column_ruins_corridor_plus, column_ruins_open_tiny_water
D:5:      layout_basic, mainiacjoe_overflow_large_starburst
D:6:      layout_loops_ring, zin_purify, minmay_temple_entry_offerings,
          serial_shops, shop, guppyfry_early_elven_hall

Skill      XL: |  1  2  3  4  5  6  7 |
---------------+----------------------+-----
Dodging        | 3 |  3.1
Staves         | 1 2 3 |  3.1
Air Magic      | 1 2 |  2.5
Poison Magic   | 4 5 6 |  6.2
Spellcasting   | 3 |  3.9
Stealth        | |  2.1
Transmutations | |  1.6

Action                   |  1- 3 |  4- 6 |  7- 9 || total
-------------------------+-------+-------+-------++-------
Melee: Unarmed           |    22 |       |       ||    22
       Quarterstaff      |    49 |    73 |    37 ||   159
 Cast: Sting             |    20 |     6 |     6 ||    32
       Poisonous Vapours |     2 |    20 |     4 ||    26
  Use: Potion            |       |       |     4 ||     4
       Scroll            |       |       |     3 ||     3
 Stab: Sleeping          |       |     1 |       ||     1
Armor: Robe              |    15 |     3 |    14 ||    32
Dodge: Dodged            |    67 |    42 |    49 ||   158

Table legend: (Time is in decaauts)
 A = Elapsed time spent in this place.
 B = Non-inter-level travel time spent in this place.
 C = Inter-level travel time spent in this place.
 D = Time resting spent in this place.
 E = Time spent auto-exploring this place.
 F = Levels seen in this place.
 G = Mean time per level.
                   A        B        C        D        E       F      G
               +--------+--------+--------+--------+--------+-----+--------+
         Total |   6609 |   6481 |    128 |   1324 |   3099 |   6 | 1101.5 |
       Dungeon |   6609 |   6481 |    128 |   1324 |   3099 |   6 | 1101.5 |
               +--------+--------+--------+--------+--------+-----+--------+

Top non-repeatable levels by time:
     D:1: 1842 daAuts
     D:3: 1361 daAuts
     D:4: 1146 daAuts
     D:5: 1085 daAuts
     D:2: 953 daAuts
     D:6: 219 daAuts
